 Dungeon Crawl Stone Soup version 0.23-a0-458-g93a6ea9 (webtiles) character file.

3101 Jester the Covered (level 9, -1/68 HPs)
             Began as a Demonspawn Fighter on Nov 26, 2018.
             Was a Believer of Uskayaw.
             Slain by an orc wizard
             ... wielding a +0 dagger
              (6 damage)
             ... on level 8 of the Dungeon.
             The game lasted 00:28:23 (7901 turns).

Jester the Covered (Demonspawn Fighter)             Turns: 7901, Time: 00:28:25

Health: -1/68      AC:  9    Str: 20    XL:     9   Next: 59%
Magic:  0/13       EV:  9    Int: 10    God:    Uskayaw [**....]
Gold:   341        SH: 10    Dex: 12    Spells: 8/8 levels left

rFire    . . .     SeeInvis .   a - +3 dagger (venom)
rCold    + . .     Gourm    .   c - +0 shield
rNeg     . . .     Faith    .   (no armour)
rPois    .         Spirit   +   u - +2 helmet
rElec    .         Reflect  .   (no cloak)
rCorr    .         Harm     .   (no gloves)
MR       .....                  (no boots)
Stlth    +.........             q - amulet of rage
HPRegen  0.21/turn              (no ring)
MPRegen  0.13/turn              (no ring)

@: sanguine armour
A: cold resistance 1, magic shield, freezing cloud immunity, sanguine armour 1
a: Stomp, Line Pass, Renounce Religion, Evoke Berserk Rage


You were on level 8 of the Dungeon.
You worshipped Uskayaw.
Uskayaw was noncommittal.
You were not hungry.

You visited 2 branches of the dungeon, and saw 9 of its levels.
You also visited: Sewer.

You collected 341 gold pieces.

Inventory:

Hand Weapons
 a - a +3 dagger of venom (weapon)
 b - a +2 rapier of electrocution
 x - a +0 blowgun
 y - a +0 trident
Missiles
 e - 253 stones (quivered)
 s - 8 tomahawks of dispersal
 v - 7 tomahawks
 A - 4 throwing nets
 D - 3 curare-tipped needles
Armour
 c - a +0 shield (worn)
 u - a +2 helmet (worn)
 F - a +0 plate armour
Jewellery
 q - an amulet of rage (around neck)
 I - an uncursed ring of protection from cold
Wands
 i - a wand of iceblast (19)
 r - a wand of random effects (18)
 t - a wand of acid (6)
Scrolls
 h - 7 scrolls of teleportation
 k - 4 scrolls of fog
 l - 2 scrolls of remove curse
 m - 5 scrolls of blinking
 n - 3 scrolls of identify
 o - 5 scrolls of amnesia
 z - a scroll of enchant armour
 B - 3 scrolls of magic mapping
 E - a scroll of silence {unknown}
 G - a scroll of noise {unknown}
 H - a scroll of holy word {unknown}
Potions
 d - 2 potions of might
 g - a potion of flight
 j - 2 potions of heal wounds
 p - 6 potions of curing
 w - 3 potions of magic
 C - a potion of haste
Comestibles
 f - 15 rations
 J - a chunk of flesh


   Skills:
 + Level 5.5 Fighting
 + Level 6.1 Short Blades
 + Level 6.5 Armour
 - Level 0.4 Dodging
 - Level 0.1 Stealth
 + Level 5.7 Shields
 * Level 5.6 Invocations
 + Level 4.6 Evocations


You had 8 spell levels left.
You didn't know any spells.
Your spell library contained the following spells:

 Spells                   Type           Power        Failure   Level  Hunger
 Magic Dart               Conj           #...         77%         1    ##.....
 Blink                    Tloc           N/A          88%         2    ###....
 Call Imp                 Summ           #.......     88%         2    ###....
 Slow                     Hex            #.......     88%         2    ###....
 Conjure Flame            Conj/Fire      #.......     98%         3    ####...
 Mephitic Cloud           Conj/Pois/Air  #.......     98%         3    ####...


Dungeon Overview and Level Annotations

Branches:
Dungeon (8/15)             Temple (1/1) D:4
   Lair: D:8-11

Altars:
Ashenzari
Cheibriados
Dithmenos
Elyvilon
Fedhas
Gozag
Hepliaklqana
Kikubaaqudgha
Makhleb
Nemelex Xobeh
Okawaru
Qazlal
Ru
Sif Muna
Trog
Uskayaw
Vehumet
Wu Jian
Xom
Yredelemnul
Zin
The Shining One
Beogh

Annotations:
D:5 3 runed doors, derval's ghost, amateur DDEE


Innate Abilities, Weirdness & Mutations

Your flesh is cold resistant. (rC+)
When hurt, damage is shared between your health and your magic reserves.
You are immune to freezing clouds.
When seriously injured, your bleeding wounds create armour. (AC +6)


Message History

The orc priest invokes the aid of Beogh against you.
Pain shoots through your body! The warg barely misses you.
You closely miss the warg.
The warg is severely wounded.
You block the orc wizard's attack. The warg bites you but does no damage.
The warg misses you.
The orc wizard hits you but does no damage.
You hit the orc wizard but do no damage.
The orc wizard looks as sick as possible!
The orc wizard is heavily wounded.
The warg closely misses you. The orc wizard misses you. The warg bites you!
* * * LOW HITPOINT WARNING * * *
You closely miss the orc wizard.
The orc wizard is heavily wounded.
The orc priest hits you with a +0 club.
* * * LOW HITPOINT WARNING * * *
The warg bites you.
* * * LOW HITPOINT WARNING * * *
The orc wizard hits you with a +0 dagger.
You die...

............)...#
................#
...............#
#.........รท..#
#............#
#............#
#............#
#............#
#..o@o.......#
#..ohh.......#
#...........)#
+............#
#............#
#............#
#............#
#............#
..........#


You could see 2 wargs, an orc priest, an orc wizard and an orc.

Vanquished Creatures
  Grinder (D:5)
  A hippogriff (D:7)
  A wyvern (D:7)
  Eustachio (D:6)
  A black bear (D:6)
  An ice beast (D:7)
  A sky beast (D:7)
  An orc warrior (D:7)
  A phantom (D:5)
  5 ogres
  A necrophage (D:5)
  A centaur (D:3)
  2 big kobolds (Sewer)
  3 bullfrogs (D:7)
  A wyvern skeleton (D:5)
  A scorpion (D:4)
  A howler monkey (D:4)
  A crimson imp (D:7)
  A jelly (D:5)
  A centaur zombie (D:7)
  A centaur skeleton (D:6)
  2 hounds
  3 orc priests
  A bullfrog skeleton (D:4)
  3 orc wizards
  Natasha (thrice) (D:3)
  An iguana (D:7)
  7 worker ants
  A killer bee zombie (D:7)
  A hound zombie (D:7)
  4 gnolls (D:4)
  2 worker ant zombies
  A howler monkey skeleton (D:4)
  7 adders
  2 oozes
  3 worms
  3 dart slugs (D:1)
  3 leopard geckos
  17 orcs
  8 giant cockroaches
  10 goblins
  8 hobgoblins
  7 jackals
  2 quokkas
  4 ball pythons (Sewer)
  6 bats
  7 frilled lizards
  18 kobolds
  3 leopard gecko skeletons (D:4)
  A quokka skeleton (D:7)
  A quokka zombie (D:6)
  6 rats
173 creatures vanquished.

Notes
Turn   | Place    | Note
-------+----------+-------------------------------------------
     0 | D:1      | Jester the Demonspawn Fighter began the quest for the Orb.
     0 | D:1      | Reached XP level 1. HP: 18/18 MP: 1/1
   200 | D:1      | Gained mutation: When seriously injured, your bleeding
                  | wounds create armour. (AC +6) [demonic ancestry]
   200 | D:1      | Reached XP level 2. HP: 24/24 MP: 2/2
   408 | D:1      | HP: 1/24 [poisoned by a goblin]
   840 | D:1      | Reached XP level 3. HP: 29/29 MP: 3/3
  1450 | D:2      | Found a white marble altar of Elyvilon.
  1585 | D:2      | Reached XP level 4. HP: 35/36 MP: 4/4
  1933 | D:3      | Noticed Natasha
  1947 | D:3      | Killed Natasha
  2255 | D:3      | Noticed Natasha
  2272 | D:3      | Killed Natasha
  2272 | D:3      | Reached skill level 1 in Evocations
  2272 | D:3      | Gained mutation: When hurt, damage is shared between your
                  | health and your magic reserves. [demonic ancestry]
  2272 | D:3      | Reached XP level 5. HP: 42/42 MP: 5/5
  2332 | D:3      | Found an ancient bone altar of Kikubaaqudgha.
  2333 | D:3      | Noticed Natasha
  2342 | D:3      | Killed Natasha
  2497 | D:3      | Found a sacrificial altar of Ru.
  2546 | D:3      | Noticed a centaur
  2555 | D:3      | Killed a centaur
  2555 | D:3      | Gained mutation: Your flesh is cold resistant. (rC+)
                  | [demonic ancestry]
  2555 | D:3      | Reached XP level 6. HP: 34/48 MP: 5/7
  2769 | D:3      | Found a stormy altar of Qazlal.
  2773 | D:3      | Found a deep blue altar of Sif Muna.
  2778 | D:3      | Found a radiant altar of Vehumet.
  2983 | D:4      | Gained mutation: You are immune to freezing clouds.
                  | [demonic ancestry]
  2983 | D:4      | Reached XP level 7. HP: 36/54 MP: 4/9
  3312 | D:4      | Found a shattered altar of Ashenzari.
  3314 | D:4      | Found a staircase to the Ecumenical Temple.
  3552 | D:4      | Found a glowing drain.
  3574 | Sewer    | Entered a sewer
  4146 | D:4      | Reached XP level 8. HP: 61/61 MP: 10/10
  4307 | Temple   | Entered the Ecumenical Temple
  4386 | Temple   | Became a worshipper of Uskayaw the Reveler
  4413 | D:5      | Entered Level 5 of the Dungeon
  4463 | D:5      | Reached * piety under Uskayaw
  4470 | D:5      | Noticed Grinder
  4479 | D:5      | Paralysed by Grinder for 3 turns
  4479 | D:5      | Reached ** piety under Uskayaw
  4489 | D:5      | Reached skill level 1 in Invocations
  4634 | D:5      | Reached skill level 5 in Armour
  5033 | D:5      | Killed Grinder
  5033 | D:5      | Reached skill level 5 in Short Blades
  5033 | D:5      | Reached skill level 5 in Shields
  5105 | D:5      | Noticed derval's ghost (amateur DDEE)
  5109 | D:5      | Found a runed gate.
  5111 | D:5      | Found a runed gate.
  5112 | D:5      | Found a runed gate.
  5119 | D:5      | Identified the +6 mace of Ybomoop {crush, rPois}
  5121 | D:5      | Found a roughly hewn altar of Beogh.
  5293 | D:6      | Reached skill level 5 in Fighting
  5312 | D:6      | Reached *** piety under Uskayaw
  5382 | D:6      | Noticed Eustachio
  5408 | D:6      | Killed Eustachio
  5749 | D:6      | Reached XP level 9. HP: 51/67 MP: 10/12
  6283 | D:7      | Reached **** piety under Uskayaw
  6499 | D:7      | Reached skill level 5 in Invocations
  7347 | D:7      | Found a shadowy altar of Dithmenos.
  7901 | D:8      | Slain by an orc wizard

Vault maps used:
D:1:      lightli_arrival_noodles, minmay_cupped
D:2:      elyvilon_altar_4, chequers_serial_rivers_large_a
D:3:      kiku_gazebo_garden_becter, marbit_many_paths,
          minmay_overflow_temple_star_quad, minmay_divided_ellipse, uniq_natasha
D:4:      overflow_temple_1_default, minmay_temple_entry_butterflies,
          first_ration, cheibrodos_sewer_entry_bend
D:5:      biasface_ghost_orc_armoury, uniq_grinder
D:6:      corexii_checkpoint_a, kennysheep_crisscross, uniq_eustachio
D:7:      grunt_dithmenos_smoke, serial_park_tiny_1
D:8:      erik_lair_orcish_takeover
Temple:   eino_temple_lava
Sewer:    sewer_co_15_rooms

Skill      XL: |  1  2  3  4  5  6  7  8  9 |
---------------+----------------------------+-----
Short Blades   | 2 3 4 5 6 |  6.1
Shields        | 3 4 5 |  5.7
Armour         | 3 4 5 6 |  6.5
Evocations     | 1 2 3 4 |  4.6
Fighting       | 4 5 |  5.5
Invocations    | 3 5 |  5.6
Dodging        | |  0.4
Stealth        | |  0.1

Action                   |  1- 3 |  4- 6 |  7- 9 || total
-------------------------+-------+-------+-------++-------
Melee: Rapier            |    66 |       |    55 ||   121
       Dagger            |    72 |   170 |   413 ||   655
Throw: Stone             |     3 |     2 |     4 ||     9
Evoke: Wand              |       |       |     3 ||     3
  Use: Scroll            |       |       |    17 ||    17
       Potion            |       |       |     2 ||     2
  Eat: Chunk             |     1 |     6 |    13 ||    20
       Ration            |       |       |     1 ||     1
Armor: Scale mail        |    53 |    66 |   100 ||   219
       Skin              |       |       |    11 ||    11
Dodge: Dodged            |    32 |    44 |   105 ||   181
Block: Shield            |    50 |    69 |   173 ||   292

Table legend:
 A = Non-vault XP
 B = Vault XP
 C = Vault XP percentage of total XP
 D = Non-vault monster count
 E = Vault monster count
 F = Vault count percentage of total count
                 A         B        C        D         E       F
            +---------+---------+-------+---------+---------+-------
      Total |    3454 |     977 |  22.0 |     127 |      46 |  26.6
            +---------+---------+-------+---------+---------+-------
        D:1 |      37 |       9 |  19.6 |      20 |       4 |  16.7
        D:2 |      57 |       0 |   0.0 |      17 |       0 |   0.0
        D:3 |     303 |     193 |  38.9 |      20 |      14 |  41.2
        D:4 |     577 |       5 |   0.9 |      24 |       1 |   4.0
        D:5 |     591 |     281 |  32.2 |       8 |       1 |  11.1
        D:6 |     417 |     197 |  32.1 |      10 |       3 |  23.1
        D:7 |    1427 |       0 |   0.0 |      26 |       0 |   0.0
        D:8 |      45 |      42 |  48.3 |       2 |       2 |  50.0
      Sewer |       0 |     250 | 100.0 |       0 |      21 | 100.0
            +---------+---------+-------+---------+---------+-------
